 Dungeon Sprint DCSS version 0.32-a0-450-g080537f31e (webtiles) character file.

Game seed: 15967079017365774913

7300000 adelrune the Intangible (level 27, -2/228 HPs)
             Began as a Djinni Warper on Feb 23, 2024.
             Was the Champion of Makhleb.
             Killed by divine providence
             ... invoked by an accursed
              (12 damage)
             ... in the Dungeon (Sprint VIII: "Arena of Blood").
             The game lasted 00:03:14 (73 turns).

adelrune the Intangible (Djinni Warper)               Turns: 73, Time: 00:03:15

Health: -2/228     AC:  6    Str: 10    XL:     27
Gold:   0          EV: 37    Int: 16    God:    Makhleb [******] SH:  0 Dex: 26

rFire   + + .        i - +∞ Axe of Woe
rCold   x . .        (shield currently unavailable)
rNeg    . . .        b - +0 leather armour
rPois   ∞            (no helmet)
rElec   .            (no cloak)
rCorr   .            (no gloves)
SInv    .            (boots unavailable)
Will    ++...        (no amulet)
Stlth   ++++++++++   (no ring)
HPRegen 0.58/turn    (no ring)
MPRegen 0.00/turn

%: no teleportation, infuse magic (-3 HP)
@: flying
A: sickness immunity, fire resistance 2, cold vulnerability 1, float, innate
caster, HP casting, extra vitality 1
a: Renounce Religion, Minor Destruction, Lesser Servant of Makhleb, Major
Destruction, Greater Servant of Makhleb


You were in the Dungeon.
You worshipped Makhleb.
Makhleb was exalted by your worship.
You visited 1 branch

Inventory:

Hand Weapons
 a - a +0 hand axe
 i - the +∞ Axe of Woe (weapon)
   (You found it in the Dungeon)
Missiles
 d - 7 darts of dispersal (quivered)
Armour
 b - a +0 leather armour (worn)
Scrolls
 c - 2 scrolls of blinking
Potions
 e - a potion of curing
 f - a potion of heal wounds
 g - a potion of haste
 h - a potion of berserk rage


   Skills:
 O Level 27 Fighting
 O Level 27 Short Blades
 O Level 27 Long Blades
 O Level 27 Axes
 O Level 27 Maces & Flails
 O Level 27 Polearms
 O Level 27 Staves
 O Level 27 Ranged Weapons
 O Level 27 Throwing
 O Level 27 Armour
 O Level 27 Dodging
 O Level 27 Stealth
 O Level 27 Shields
 O Level 27 Unarmed Combat
 O Level 27 Spellcasting
 O Level 27 Conjurations
 O Level 27 Hexes
 O Level 27 Summonings
 O Level 27 Necromancy
 O Level 27 Translocations
 O Level 27 Fire Magic
 O Level 27 Ice Magic
 O Level 27 Air Magic
 O Level 27 Earth Magic
 O Level 27 Alchemy
 O Level 27 Invocations
 O Level 27 Evocations
 O Level 27 Shapeshifting


You knew the following spells:

 Your Spells              Type           Power      Damage    Failure   Level
a - Blink                 Tloc           100%       N/A       0%          2
b - Lesser Beckoning      Tloc           100%       N/A       0%          2
c - Teleport Other        Tloc           82%        N/A       0%          3
d - Manifold Assault      Tloc           82%        N/A       0%          4
e - Vhi's Electric Charg  Tloc/Air       100%       N/A       0%          4
f - Summon Small Mammal   Summ           100%       N/A       0%          1
g - Momentum Strike       Conj/Tloc      100%       3d10      0%          2
h - Ozocubu's Armour      Ice            82%        N/A       0%          3
i - Gell's Gravitas       Tloc           82%        N/A       0%          3
j - Olgreb's Toxic Radia  Alch           82%        N/A       0%          4
k - Lee's Rapid Deconstr  Erth           41%        3d20*     0%          5
l - Starburst             Conj/Fire      41%        6d12      0%          6
m - Summon Hydra          Summ           41%        N/A       1%          7
n - Haunt                 Necr/Summ      41%        N/A       1%          7
o - Spellforged Servitor  Conj/Summ      41%        N/A       1%          7
p - Disjunction           Tloc           41%        N/A       1%          8
q - Shatter               Erth           41%        3d32*     2%          9
r - Death's Door          Necr           41%        N/A       2%          9
Your spell library was empty.

Dungeon Overview and Level Annotations

Branches:
Dungeon (1/1)

Altars:
Makhleb

Annotations:
D The Servant


Innate Abilities, Weirdness & Mutations

You are immune to sickness and miasma.
You are immune to poison.
Your flesh is very heat resistant. (rF++)
You are vulnerable to cold. (rC-)
You float through the air rather than walking.
You learn spells naturally, not from books.
Your magical power is your life essence.
You have superior vitality. (+4 MHP)


Message History

You hit the bag of meat.
You hew the bag of meat violently.
You kill the bag of meat!
Makhleb accepts your kill.
You feel better.
You slash the bag of meat!
You dissect the bag of meat like a pig carcass.
You kill the bag of meat!
Makhleb accepts your kill.
You feel better.
You are engulfed in blazing flames.
You resist.
* * * LOW HITPOINT WARNING * * *
You hear a shout! x2
A meat beast comes into view.
The accursed is engulfed in blazing flames.
The tyrant gestures wildly while chanting.
The tyrant seems to speed up.
An accursed comes into view.
The eight-headed meat hydra calls on the powers of darkness!
The eight-headed meat hydra convulses!
The meat berserker convulses!
The large bag of meat convulses!
Flame seeps out of the large bag of meat.
The bag of meat convulses! x4; The meat berserker convulses!
Your body is wracked with pain!
* * * LOW HITPOINT WARNING * * *
The accursed gestures at you while chanting.
Something smites you!
* * * LOW HITPOINT WARNING * * *
The large bag of meat is engulfed in blazing flames.
The meat beast howls!
You slice the accursed!!
You cleave the accursed in twain.
You destroy the accursed!
Makhleb accepts your kill.
You feel extremely nervous for a moment...
Your body is wracked with pain!
* * * LOW HITPOINT WARNING * * *
You are engulfed in blazing flames.
You resist.
* * * LOW HITPOINT WARNING * * *
A meat beast comes into view.
The meat beast roars, "Get thee gone before doom catcheth thee!"
The accursed gestures at you while chanting.
Something smites you!
You die...

...........
O..............
M.O............
..2°z.......2....
..).○.o)° .......
..)).Oo)##..2....
#..XX))V)°☼...M..
....X.Lo§○2M#....
..oXO.XX°@§_# .
....X.#°))☼@# #..
....)○○.o.).
..§)..o....)...).
..)..O..)..)X##..
......).§XXLX .
....)......#.
.§.).....Mo†..


You could see 4 accurseds, 3 tentacled monstrosities, 4 meat beasts, 2 tyrants,
The Servant, a destroyer, a sculptor of flesh, a large bag of meat (inner
flame), 8 large abominations, 4 meat berserkers and 7 bags of meat.

Vanquished Creatures
  2 hell beasts (D)
  A royal mummy (D)
  19 vampire knights (D)
  42 ogres (D)
  12 two-headed ogres (D)
  5 liches (D)
  A hydra (D)
  104 orcs (D)
  4 skeletal warriors (D)
190 creatures vanquished.

Notes
Turn   | Place    | Note
-------+----------+-------------------------------------------
     0 | D        | Found the +∞ Axe of Woe
     0 | D        | adelrune the Djinni Warper began the quest for the Orb.
     0 | D        | adelrune set off with the following spells memorised:
                  | Blink, Lesser Beckoning, Teleport Other, Manifold Assault,
                  | Vhi's Electric Charge.
     0 | D        | Reached XP level 1. HP: 18/18 MP: 0/0
     2 | D        | Noticed a bag of meat
     3 | D        | Noticed a meat berserker
     4 | D        | Became a worshipper of Makhleb the Destroyer
     4 | D        | Noticed a bag of meat
     5 | D        | Noticed a bag of meat
     5 | D        | Noticed a meat berserker
     6 | D        | Noticed a bag of meat
     6 | D        | Noticed a meat berserker
     6 | D        | Noticed a meat berserker
     6 | D        | Noticed a bag of meat
     7 | D        | Noticed a meat berserker
     7 | D        | Killed a meat berserker
     7 | D        | Noticed a meat berserker
     7 | D        | Noticed a bag of meat
     7 | D        | Noticed a bag of meat
     7 | D        | Noticed a bag of meat
     7 | D        | Noticed a meat berserker
     8 | D        | Reached skill level 5 in Armour
     8 | D        | Reached XP level 2. HP: 45/45 MP: 0/0
     8 | D        | Reached XP level 3. HP: 50/50 MP: 0/0
     8 | D        | Learned a level 1 spell: Summon Small Mammal
     8 | D        | Reached XP level 4. HP: 57/57 MP: 0/0
     8 | D        | Reached XP level 5. HP: 63/63 MP: 0/0
     8 | D        | Learned a level 2 spell: Momentum Strike
     8 | D        | Reached XP level 6. HP: 69/69 MP: 0/0
     8 | D        | Reached XP level 7. HP: 75/75 MP: 0/0
     8 | D        | Learned a level 3 spell: Ozocubu's Armour
     8 | D        | Reached XP level 8. HP: 81/81 MP: 0/0
     8 | D        | Reached XP level 9. HP: 86/86 MP: 0/0
     8 | D        | Learned a level 3 spell: Gell's Gravitas
     8 | D        | Reached XP level 10. HP: 94/94 MP: 0/0
     8 | D        | Reached XP level 11. HP: 99/99 MP: 0/0
     8 | D        | Learned a level 4 spell: Olgreb's Toxic Radiance
     8 | D        | Reached XP level 12. HP: 105/105 MP: 0/0
     9 | D        | Killed a meat berserker
     9 | D        | Reached * piety under Makhleb
     9 | D        | Noticed a meat berserker
     9 | D        | Noticed a meat berserker
    10 | D        | Reached skill level 5 in Throwing
    10 | D        | Reached XP level 13. HP: 82/117 MP: 0/0
    10 | D        | Learned a level 5 spell: Lee's Rapid Deconstruction
    10 | D        | Killed a meat berserker
    10 | D        | Killed a bag of meat
    10 | D        | Killed a meat berserker
    10 | D        | Reached ** piety under Makhleb
    11 | D        | Reached XP level 14. HP: 132/132 MP: 0/0
    11 | D        | Reached XP level 15. HP: 138/138 MP: 0/0
    11 | D        | Learned a level 6 spell: Starburst
    11 | D        | Killed a meat berserker
    12 | D        | Killed a meat berserker
    12 | D        | Reached *** piety under Makhleb
    13 | D        | Reached skill level 27 in Dodging
    13 | D        | Reached XP level 16. HP: 151/151 MP: 0/0
    13 | D        | Killed a meat berserker
    13 | D        | Reached **** piety under Makhleb
    13 | D        | Noticed a meat berserker
    14 | D        | Reached skill level 27 in Fighting
    14 | D        | Reached XP level 17. HP: 160/160 MP: 0/0
    14 | D        | Learned a level 7 spell: Summon Hydra
    14 | D        | Killed a meat berserker
    14 | D        | Noticed a meat berserker
    14 | D        | Noticed a meat berserker
    15 | D        | Reached skill level 27 in Axes
    15 | D        | Killed a meat berserker
    15 | D        | Noticed a meat berserker
    16 | D        | Reached skill level 15 in Throwing
    16 | D        | Reached XP level 18. HP: 167/167 MP: 0/0
    16 | D        | Reached ***** piety under Makhleb
    16 | D        | Noticed a meat berserker
    16 | D        | Noticed a large bag of meat
    17 | D        | Reached skill level 10 in Spellcasting
    17 | D        | Reached skill level 10 in Conjurations
    17 | D        | Reached skill level 10 in Hexes
    17 | D        | Reached skill level 10 in Summonings
    17 | D        | Reached skill level 10 in Necromancy
    17 | D        | Reached skill level 10 in Translocations
    17 | D        | Reached skill level 10 in Fire Magic
    17 | D        | Reached skill level 10 in Ice Magic
    17 | D        | Reached skill level 10 in Air Magic
    17 | D        | Reached skill level 10 in Earth Magic
    17 | D        | Reached skill level 10 in Alchemy
    18 | D        | Killed a meat berserker
    18 | D        | Noticed a meat berserker
    19 | D        | Reached skill level 15 in Spellcasting
    19 | D        | Reached skill level 15 in Conjurations
    19 | D        | Reached skill level 15 in Hexes
    19 | D        | Reached skill level 15 in Summonings
    19 | D        | Reached skill level 15 in Necromancy
    19 | D        | Reached skill level 15 in Translocations
    19 | D        | Reached skill level 15 in Fire Magic
    19 | D        | Reached skill level 15 in Ice Magic
    19 | D        | Reached skill level 15 in Air Magic
    19 | D        | Reached skill level 15 in Earth Magic
    19 | D        | Reached skill level 15 in Alchemy
    19 | D        | Reached XP level 19. HP: 174/174 MP: 0/0
    19 | D        | Learned a level 7 spell: Haunt
    19 | D        | Killed a meat berserker
    19 | D        | Reached ****** piety under Makhleb
    19 | D        | Noticed a meat berserker
    20 | D        | Killed a meat berserker
    20 | D        | Noticed a large bag of meat
    21 | D        | Reached XP level 20. HP: 181/181 MP: 0/0
    22 | D        | Reached skill level 27 in Armour
    22 | D        | Killed a meat berserker
    22 | D        | Noticed a destroyer
    22 | D        | Noticed a meat berserker
    24 | D        | Killed a meat berserker
    25 | D        | Killed a meat berserker
    26 | D        | Reached skill level 27 in Throwing
    26 | D        | Reached XP level 21. HP: 187/187 MP: 0/0
    26 | D        | Learned a level 7 spell: Spellforged Servitor
    26 | D        | Killed a meat berserker
    26 | D        | Killed a large bag of meat
    26 | D        | Noticed a meat berserker
    27 | D        | Reached skill level 27 in Spellcasting
    27 | D        | Reached skill level 27 in Conjurations
    27 | D        | Reached skill level 27 in Hexes
    27 | D        | Reached skill level 27 in Summonings
    27 | D        | Reached skill level 27 in Necromancy
    27 | D        | Reached skill level 27 in Translocations
    27 | D        | Reached skill level 27 in Fire Magic
    27 | D        | Reached skill level 27 in Ice Magic
    27 | D        | Reached skill level 27 in Air Magic
    27 | D        | Reached skill level 27 in Earth Magic
    27 | D        | Reached skill level 27 in Alchemy
    27 | D        | Killed a large bag of meat
    27 | D        | Killed a meat berserker
    28 | D        | Reached skill level 10 in Shields
    28 | D        | Reached skill level 10 in Unarmed Combat
    28 | D        | Reached skill level 10 in Invocations
    28 | D        | Reached skill level 10 in Evocations
    28 | D        | Reached XP level 22. HP: 194/194 MP: 0/0
    29 | D        | Reached skill level 10 in Short Blades
    29 | D        | Reached skill level 10 in Long Blades
    29 | D        | Reached skill level 10 in Maces & Flails
    29 | D        | Reached skill level 10 in Polearms
    29 | D        | Reached skill level 10 in Staves
    29 | D        | Reached skill level 10 in Ranged Weapons
    29 | D        | Reached skill level 10 in Stealth
    29 | D        | Reached skill level 10 in Shapeshifting
    29 | D        | Killed a meat berserker
    30 | D        | Reached XP level 23. HP: 201/201 MP: 0/0
    30 | D        | Learned a level 8 spell: Disjunction
    30 | D        | Noticed a large bag of meat
    31 | D        | Noticed a destroyer
    31 | D        | Noticed a destroyer
    31 | D        | Noticed a large bag of meat
    32 | D        | Killed a large bag of meat
    33 | D        | Reached skill level 15 in Shields
    33 | D        | Reached skill level 15 in Unarmed Combat
    33 | D        | Reached skill level 15 in Invocations
    33 | D        | Reached skill level 15 in Evocations
    33 | D        | Killed a large bag of meat
    33 | D        | Noticed a large bag of meat
    33 | D        | Noticed a large bag of meat
    34 | D        | Reached skill level 15 in Short Blades
    34 | D        | Reached skill level 15 in Long Blades
    34 | D        | Reached skill level 15 in Staves
    34 | D        | Reached skill level 15 in Stealth
    34 | D        | Reached XP level 24. HP: 208/208 MP: 0/0
    34 | D        | Killed a destroyer
    34 | D        | Killed a large bag of meat
    35 | D        | Reached skill level 15 in Maces & Flails
    35 | D        | Reached skill level 15 in Polearms
    35 | D        | Reached skill level 15 in Ranged Weapons
    35 | D        | Reached skill level 15 in Shapeshifting
    35 | D        | Killed a large bag of meat
    36 | D        | Reached XP level 25. HP: 214/214 MP: 0/0
    36 | D        | Learned a level 9 spell: Shatter
    37 | D        | Noticed a destroyer
    37 | D        | Noticed a destroyer
    37 | D        | Noticed a destroyer
    37 | D        | Noticed a large bag of meat
    37 | D        | Noticed a destroyer
    37 | D        | Noticed a destroyer
    38 | D        | Noticed a destroyer
    38 | D        | Noticed a large bag of meat
    38 | D        | Noticed a destroyer
    39 | D        | Killed a destroyer
    39 | D        | Noticed a destroyer
    40 | D        | Reached skill level 27 in Stealth
    40 | D        | Killed a destroyer
    40 | D        | Noticed a destroyer
    40 | D        | Noticed The Servant
    41 | D        | Reached XP level 26. HP: 221/221 MP: 0/0
    41 | D        | Killed a destroyer
    41 | D        | Noticed a destroyer
    42 | D        | Noticed a destroyer
    42 | D        | Killed a destroyer
    43 | D        | Reached XP level 27. HP: 228/228 MP: 0/0
    43 | D        | Learned a level 9 spell: Death's Door
    43 | D        | Killed a destroyer
    43 | D        | Killed a destroyer
    44 | D        | Killed a destroyer
    44 | D        | Noticed a destroyer
    45 | D        | Noticed a tyrant
    45 | D        | Killed a destroyer
    45 | D        | Killed a destroyer
    46 | D        | Reached skill level 27 in Shields
    46 | D        | Reached skill level 27 in Unarmed Combat
    46 | D        | Reached skill level 27 in Invocations
    46 | D        | Reached skill level 27 in Evocations
    47 | D        | Noticed a large bag of meat
    47 | D        | Noticed a tyrant
    48 | D        | Killed a destroyer
    48 | D        | Noticed a large bag of meat
    48 | D        | Noticed a tyrant
    49 | D        | Reached skill level 27 in Short Blades
    49 | D        | Reached skill level 27 in Long Blades
    49 | D        | Reached skill level 27 in Maces & Flails
    49 | D        | Reached skill level 27 in Polearms
    49 | D        | Reached skill level 27 in Staves
    49 | D        | Reached skill level 27 in Ranged Weapons
    49 | D        | Reached skill level 27 in Shapeshifting
    49 | D        | Noticed a large bag of meat
    50 | D        | Killed a large bag of meat
    51 | D        | Killed a destroyer
    52 | D        | Noticed a tyrant
    52 | D        | Killed a tyrant
    52 | D        | Noticed a large bag of meat
    54 | D        | Killed a destroyer
    54 | D        | Killed a destroyer
    55 | D        | Killed a large bag of meat
    55 | D        | Noticed a tyrant
    56 | D        | Killed a large bag of meat
    57 | D        | Noticed a destroyer
    59 | D        | Noticed a meat beast
    59 | D        | Killed a destroyer
    59 | D        | Noticed a destroyer
    59 | D        | Noticed an accursed
    59 | D        | Noticed an accursed
    60 | D        | Killed a tyrant
    60 | D        | Killed a large bag of meat
    60 | D        | Noticed a destroyer
    61 | D        | Killed a large bag of meat
    61 | D        | Killed a meat beast
    63 | D        | Killed a large bag of meat
    63 | D        | Killed a destroyer
    63 | D        | Noticed a tyrant
    64 | D        | Noticed a meat beast
    64 | D        | Killed a destroyer
    64 | D        | Noticed a destroyer
    67 | D        | Killed a destroyer
    67 | D        | Killed a tyrant
    67 | D        | Noticed a tyrant
    67 | D        | Noticed a large bag of meat
    67 | D        | Noticed a destroyer
    68 | D        | Killed a destroyer
    68 | D        | Noticed an accursed
    69 | D        | Killed a meat beast
    69 | D        | Killed a tyrant
    69 | D        | Noticed a meat beast
    69 | D        | Noticed an accursed
    70 | D        | Killed a tyrant
    70 | D        | Noticed a meat beast
    71 | D        | Noticed an accursed
    72 | D        | Noticed a meat beast
    72 | D        | Noticed an accursed
    73 | D        | Killed an accursed
    73 | D        | HP: 10/228 [something (4)]
    73 | D        | Noticed a meat beast
    73 | D        | Killed from afar by an accursed

Illustrated notes

Levels and vault maps discovered:
D:        meatsprint

Skill      XL: |  1  2  3  4  5  6  7  8  9 10 11 12 13 14 15 16 17 18 19 20 21 22 23 24 25 26 27 |
---------------+----------------------------------------------------------------------------------+-----
Fighting       | 16 19 23 26 27 | 27.0
Axes           | 14 16 20 23 26 27 | 27.0
Throwing       | 4 5 6 7 9 15 20 23 27 | 27.0
Armour         | 5 6 8 9 11 18 23 26 27 | 27.0
Dodging        | 18 21 24 27 | 27.0
Spellcasting   | 7 15 19 26 27 | 27.0
Conjurations   | 7 15 19 26 27 | 27.0
Hexes          | 7 15 19 26 27 | 27.0
Summonings     | 7 15 19 26 27 | 27.0
Necromancy     | 7 15 19 26 27 | 27.0
Translocations | 7 15 19 26 27 | 27.0
Fire Magic     | 7 15 19 26 27 | 27.0
Ice Magic      | 7 15 19 26 27 | 27.0
Air Magic      | 7 15 19 26 27 | 27.0
Earth Magic    | 7 15 19 26 27 | 27.0
Alchemy        | 7 15 19 26 27 | 27.0
Short Blades   | 9 11 15 17 19 21 27 | 27.0
Long Blades    | 9 11 15 17 19 21 27 | 27.0
Maces & Flails | 8 10 14 16 17 19 27 | 27.0
Polearms       | 8 10 14 16 17 19 27 | 27.0
Staves         | 9 11 15 17 19 21 27 | 27.0
Ranged Weapons | 8 10 14 16 17 19 27 | 27.0
Stealth        | 9 11 15 17 27 | 27.0
Shields        | 10 12 17 19 20 22 27 | 27.0
Unarmed Combat | 10 12 17 19 20 22 27 | 27.0
Invocations    | 10 12 17 19 20 22 27 | 27.0
Evocations     | 10 12 17 19 20 22 27 | 27.0
Shapeshifting  | 8 10 14 16 17 19 27 | 27.0

Action                     |  1- 3 |  4- 6 |  7- 9 | 10-12 | 13-15 | 16-18 | 19-21 | 22-24 | 25-27 || total
---------------------------+-------+-------+-------+-------+-------+-------+-------+-------+-------++-------
  Melee: Executioner's axe |     1 |       |       |     1 |     3 |     8 |    14 |    22 |    39 ||    88
   Cast: Manifold Assault  |       |       |       |       |       |     1 |     2 |     6 |     1 ||    10
         Shatter           |       |       |       |       |       |       |       |       |     2 ||     2
   Stab: Distracted        |       |       |       |       |       |       |       |       |     1 ||     1
 Armour: Leather armour    |       |       |       |     1 |       |       |       |       |    45 ||    46
  Dodge: Dodged            |       |       |       |       |       |     1 |       |       |     5 ||     6

Table legend: (Time is in decaauts)
 A = Elapsed time spent in this place.
 B = Non-inter-level travel time spent in this place.
 C = Inter-level travel time spent in this place.
 D = Time resting spent in this place.
 E = Time spent auto-exploring this place.
 F = Levels seen in this place.
 G = Mean time per level.
                   A        B        C        D        E       F      G
               +--------+--------+--------+--------+--------+-----+--------+
         Total |     56 |     56 |      0 |      0 |      0 |   1 |   56.0 |
       Dungeon |     56 |     56 |      0 |      0 |      0 |   1 |   56.0 |
               +--------+--------+--------+--------+--------+-----+--------+

Top non-repeatable levels by time:
       D: 56 daAuts
